SAA
VIRGINIA BEACH WHALES @ CASPER GHOSTS
09/01/2041
 
TOP OF THE 1ST
Virginia Beach Whales batting - Pitching for Casper Ghosts : RHP Tomás Mata
Pitching: RHP Tomás Mata
Batting: RHB Óscar Cardozo 0-0: Ball
1-0: Ball
2-0: Called Strike
2-1: SINGLE (Groundball, 56D, EV 103.1 MPH)
Batting: RHB Juan Oleastro 0-0: Ball
1-0: Ball
Wild Pitch!
Óscar Cardozo to second
2-0: Ball
3-0: Called Strike
3-1: Ground out 6-3 (Groundball, 6M, EV 86.9 MPH)
Óscar Cardozo to third
Batting: RHB Doug Chapman 0-0: Called Strike
0-1: SINGLE (Groundball, 4D, EV 95.0 MPH)
Óscar Cardozo scores
Batting: RHB Pat Geldart 0-0: Ball
1-0: Foul Ball, location: 2F
1-1: Fly out, F7 (Flyball, 7D, EV 100.0 MPH)
Batting: RHB Dave Thomas 0-0: Called Strike
0-1: Swinging Strike
0-2: Foul Ball, location: 2F
0-2: Ball
1-2: Foul Ball, location: 2F
1-2: Ball
2-2: Ball
3-2: DOUBLE (Flyball, 8LXD, EV 106.2 MPH)
Doug Chapman to third
Doug Chapman scores
Batting: RHB Paul Pitts 0-0: Called Strike
0-1: Foul Ball, location: 2F
0-2: Foul Ball, location: 2F
0-2: Foul Ball, location: 2F
0-2: Foul Ball, location: 2F
0-2: Ball
1-2: Ball
2-2: Fly out, F8 (Flyball, 8RD, EV 106.9 MPH)
Top of the 1st over - 2 runs, 3 hits, 0 errors, 1 left on base; Virginia Beach 2 - Casper 0
BOTTOM OF THE 1ST
Casper Ghosts batting - Pitching for Virginia Beach Whales : LHP Sylvain Richard
Pitching: LHP Sylvain Richard
Batting: RHB Ken Joyner 0-0: Ball
1-0: Foul Ball, location: 2F
1-1: Swinging Strike
1-2: DOUBLE (Groundball, 5L, EV 106.9 MPH)
Batting: RHB Marcos Janero 0-0: Ball
1-0: Fly out, F8 (Flyball, 8LD, EV 101.9 MPH)
Batting: RHB Cam Lumsden 0-0: Called Strike
0-1: Called Strike
0-2: Fly out, F8 (Line Drive, 8RM, EV 98.1 MPH)
Batting: RHB Izaak Gerkis 0-0: Ball
1-0: Called Strike
1-1: Called Strike
1-2: Ball
2-2: Ball
3-2: Foul Ball, location: 2F
3-2: Strikes out swinging
Bottom of the 1st over - 0 runs, 1 hit, 0 errors, 1 left on base; Virginia Beach 2 - Casper 0
TOP OF THE 2ND
Virginia Beach Whales batting - Pitching for Casper Ghosts : RHP Tomás Mata
Batting: LHB Keith Pick 0-0: Swinging Strike
0-1: Called Strike
0-2: Strikes out swinging
Batting: LHB Henry Head 0-0: Fly out, F8 (Flyball, 8RXD, EV 92.5 MPH)
Batting: RHB Lloyd van Grootveld 0-0: Ball
1-0: Ball
2-0: Ball
3-0: Called Strike
3-1: Base on Balls
Batting: RHB Óscar Cardozo 0-0: Ball
1-0: Ball
2-0: Ball
3-0: Base on Balls
Lloyd van Grootveld to second
Batting: RHB Juan Oleastro 0-0: Ball
Wild Pitch!
Lloyd van Grootveld to third
Óscar Cardozo to second
1-0: Called Strike
1-1: Ball
2-1: Ball
3-1: Called Strike
3-2: DOUBLE (Line Drive, 9LM, EV 95.0 MPH)
Lloyd van Grootveld scores
Óscar Cardozo scores
Batting: RHB Doug Chapman 0-0: SINGLE (Groundball, 6MD, EV 95.0 MPH)
Juan Oleastro to third
Runner from 3rd tries for Home, SAFE, throw by CF to home
Batting: RHB Pat Geldart 0-0: Called Strike
0-1: Ball
1-1: Called Strike
1-2: Ball
2-2: Strikes out swinging, 2-3 out at first.
Top of the 2nd over - 3 runs, 2 hits, 0 errors, 1 left on base; Virginia Beach 5 - Casper 0
BOTTOM OF THE 2ND
Casper Ghosts batting - Pitching for Virginia Beach Whales : LHP Sylvain Richard
Batting: LHB Edward Kisiner 0-0: Ball
1-0: Called Strike
1-1: Foul Ball, location: 2F
1-2: Strikes out swinging
Batting: RHB Obiniana Romulo 0-0: Ball
1-0: Swinging Strike
1-1: Ball
2-1: Ball
3-1: Foul Ball, location: 2F
3-2: Fly out, F3 (Line Drive, 3, EV 72.5 MPH)
Batting: RHB Thinley Tshering 0-0: Ground out 6-3 (Groundball, 6S, EV 76.2 MPH)
Bottom of the 2nd over - 0 runs, 0 hits, 0 errors, 0 left on base; Virginia Beach 5 - Casper 0
TOP OF THE 3RD
Virginia Beach Whales batting - Pitching for Casper Ghosts : RHP Tomás Mata
Batting: RHB Dave Thomas 0-0: Ball
1-0: Foul Ball, location: 2F
1-1: Foul Ball, location: 2F
1-2: Fly out, F4 (Flyball, 4MD, EV 85.0 MPH)
Batting: RHB Paul Pitts 0-0: Swinging Strike
0-1: Foul Ball, location: 2F
0-2: Ball
1-2: Ball
2-2: DOUBLE (Line Drive, 9LM, EV 93.1 MPH)
Batting: LHB Keith Pick 0-0: Called Strike
0-1: Swinging Strike
0-2: Strikes out swinging
Batting: LHB Henry Head 0-0: Ball
1-0: Ball
2-0: Ball
3-0: Base on Balls
Batting: RHB Lloyd van Grootveld 0-0: Ground out 4-3 (Groundball, 4S, EV 81.2 MPH)
Top of the 3rd over - 0 runs, 1 hit, 0 errors, 2 left on base; Virginia Beach 5 - Casper 0
BOTTOM OF THE 3RD
Casper Ghosts batting - Pitching for Virginia Beach Whales : LHP Sylvain Richard
Batting: RHB Bogdan Lissenberg 0-0: Called Strike
0-1: Ball
1-1: Ball
2-1: Foul Ball, location: 2F
2-2: Fly out, F9 (Flyball, 89S, EV 73.8 MPH)
Batting: RHB Teok-kyu Pak 0-0: Called Strike
0-1: Ball
1-1: Ground out 1-3 (Groundball, 13S, EV 65.6 MPH)
Batting: RHB Ken Joyner 0-0: Ball
1-0: Ball
2-0: Ball
3-0: Foul Ball, location: 2F
3-1: Swinging Strike
3-2: Base on Balls
Batting: RHB Marcos Janero 0-0: Called Strike
0-1: Foul Ball, location: 2F
0-2: SINGLE (Groundball, 6MD, EV 100.6 MPH)
Ken Joyner to second
Runner from 2nd tries for 3rd, SAFE, no throw by CF
Batting: RHB Cam Lumsden 0-0: Ball
1-0: Called Strike
1-1: Foul Ball, location: 2F
1-2: Foul Ball, location: 2F
1-2: Fly out, F8 (Flyball, 78D, EV 105.0 MPH)
Bottom of the 3rd over - 0 runs, 1 hit, 0 errors, 2 left on base; Virginia Beach 5 - Casper 0
TOP OF THE 4TH
Virginia Beach Whales batting - Pitching for Casper Ghosts : RHP Tomás Mata
Batting: RHB Óscar Cardozo 0-0: Ball
1-0: Ground out 6-3 (Groundball, 6, EV 78.8 MPH)
Batting: RHB Juan Oleastro 0-0: Ball
1-0: Swinging Strike
1-1: Ball
2-1: Ball
3-1: Foul Ball, location: 2F
3-2: Base on Balls
Batting: RHB Doug Chapman 0-0: Fly out, F3 (Flyball, 3D, EV 75.6 MPH)
Batting: RHB Pat Geldart 0-0: Ball
1-0: Fielders Choice at 2nd, 6-4 (Groundball, 6, EV 83.1 MPH)
Top of the 4th over - 0 runs, 0 hits, 0 errors, 1 left on base; Virginia Beach 5 - Casper 0
BOTTOM OF THE 4TH
Casper Ghosts batting - Pitching for Virginia Beach Whales : LHP Sylvain Richard
Batting: RHB Izaak Gerkis 0-0: Ball
1-0: Ball
2-0: Called Strike
2-1: Foul Ball, location: 2F
2-2: SINGLE (Groundball, 6MD, EV 94.4 MPH)
Batting: LHB Edward Kisiner 0-0: Ball
1-0: Ball
2-0: Called Strike
2-1: Swinging Strike
2-2: Ball
3-2: Foul Ball, location: 2F
3-2: Strikes out looking
Batting: RHB Obiniana Romulo 0-0: Ball
1-0: Ball
2-0: TRIPLE (Line Drive, 89XD, EV 106.2 MPH)
Izaak Gerkis scores
Batting: RHB Thinley Tshering 0-0: Ball
1-0: Ground out 3-1 (Groundball, 34, EV 97.5 MPH)
Obiniana Romulo scores
Batting: RHB Bogdan Lissenberg 0-0: Called Strike
0-1: Foul Ball, location: 2F
0-2: Ball
1-2: Ball
2-2: Foul Ball, location: 2F
2-2: Foul Ball, location: 2F
2-2: Foul Ball, location: 2F
2-2: Foul Ball, location: 2F
2-2: Ball
3-2: Base on Balls
Batting: RHB Teok-kyu Pak 0-0: Ball
1-0: Called Strike
1-1: Called Strike
1-2: Ball
2-2: Foul Ball, location: 2F
2-2: Strikes out looking
Bottom of the 4th over - 2 runs, 2 hits, 0 errors, 1 left on base; Virginia Beach 5 - Casper 2
TOP OF THE 5TH
Virginia Beach Whales batting - Pitching for Casper Ghosts : RHP Tomás Mata
Batting: RHB Dave Thomas 0-0: Foul Ball, location: 2F
0-1: Swinging Strike
0-2: Foul Ball, location: 2F
0-2: Strikes out swinging
Batting: RHB Paul Pitts 0-0: Ball
1-0: SINGLE (Line Drive, 9S, EV 91.9 MPH)
Batting: LHB Keith Pick 0-0: Foul Ball, location: 2F
0-1: Swinging Strike
0-2: Ball
Paul Pitts steals 2nd base
1-2: Ball
2-2: Ball
3-2: Ground out 5-3 (Groundball, 56, EV 104.4 MPH)
Pitching: RHP Jong-beom Park
Batting: LHB Henry Head 0-0: Called Strike
0-1: SINGLE (Line Drive, 3D, EV 98.1 MPH)
Paul Pitts to third
Batting: RHB Lloyd van Grootveld 0-0: Ball
1-0: Fielders Choice at 2nd, U4 (Groundball, 4M, EV 110.0 MPH)
Top of the 5th over - 0 runs, 2 hits, 0 errors, 2 left on base; Virginia Beach 5 - Casper 2
BOTTOM OF THE 5TH
Casper Ghosts batting - Pitching for Virginia Beach Whales : LHP Sylvain Richard
Batting: RHB Ken Joyner 0-0: Ball
1-0: Called Strike
1-1: Ball
2-1: Ball
3-1: TRIPLE (Flyball, 9LD, EV 111.2 MPH)
Batting: RHB Marcos Janero 0-0: SINGLE (Line Drive, 89S, EV 99.4 MPH)
Ken Joyner scores
Batting: RHB Cam Lumsden 0-0: Ball
1-0: Fly out, F7 (Flyball, 7, EV 80.0 MPH)
Pitching: RHP Javier Iturburua
Batting: RHB Izaak Gerkis 0-0: Ball
Wild Pitch!
Marcos Janero to second
1-0: Ball
2-0: Ground out 5-3 (Groundball, 56, EV 99.4 MPH)
Batting: LHB Edward Kisiner 0-0: Ball
1-0: Foul Ball, location: 2F
1-1: Ball
2-1: Ball
3-1: Base on Balls
Batting: RHB Obiniana Romulo 0-0: Ball
1-0: Ground out U3 (Groundball, 3, EV 81.9 MPH)
Bottom of the 5th over - 1 run, 2 hits, 0 errors, 2 left on base; Virginia Beach 5 - Casper 3
TOP OF THE 6TH
Virginia Beach Whales batting - Pitching for Casper Ghosts : RHP Jong-beom Park
Batting: RHB Óscar Cardozo 0-0: Foul Ball, location: 2F
0-1: Called Strike
0-2: Ball
1-2: Strikes out swinging
Batting: RHB Juan Oleastro 0-0: Ball
1-0: SINGLE (Line Drive, 56D, EV 106.2 MPH)
Batting: RHB Doug Chapman 0-0: Called Strike
0-1: Foul Ball, location: 2F
0-2: Foul Ball, location: 2F
0-2: Foul Ball, location: 2F
0-2: Ball
1-2: Ball
2-2: Ball
3-2: Strikes out swinging
Batting: RHB Pat Geldart 0-0: Called Strike
0-1: Swinging Strike
0-2: Ball
1-2: Fly out, F9 (Flyball, 89M, EV 83.8 MPH)
Top of the 6th over - 0 runs, 1 hit, 0 errors, 1 left on base; Virginia Beach 5 - Casper 3
BOTTOM OF THE 6TH
Casper Ghosts batting - Pitching for Virginia Beach Whales : RHP Javier Iturburua
Batting: RHB Thinley Tshering 0-0: Foul Ball, location: 2F
0-1: Ball
1-1: Foul Ball, location: 2F
1-2: Ball
2-2: Ball
3-2: Reached on error, E6 (Groundball, 6M, EV 102.5 MPH)
Batting: RHB Bogdan Lissenberg 0-0: Called Strike
0-1: Ball
1-1: Swinging Strike
1-2: Strikes out looking
Batting: RHB Teok-kyu Pak 0-0: Ball
1-0: Ball
2-0: Swinging Strike
2-1: Called Strike
2-2: Strikes out swinging
Batting: RHB Ken Joyner 0-0: Ball
1-0: Called Strike
1-1: Ball
2-1: Called Strike
2-2: SINGLE (Groundball, 34D, EV 95.0 MPH)
Thinley Tshering to third
Runner from 3rd tries for Home, SAFE, no throw by RF
Batting: RHB Marcos Janero 0-0: Ball
1-0: Swinging Strike
1-1: Ground out 4-3 (Groundball, 34, EV 105.0 MPH)
Bottom of the 6th over - 1 run, 1 hit, 1 error, 1 left on base; Virginia Beach 5 - Casper 4
TOP OF THE 7TH
Virginia Beach Whales batting - Pitching for Casper Ghosts : RHP Jong-beom Park
Batting: RHB Dave Thomas 0-0: Ball
1-0: Foul Ball, location: 2F
1-1: Ball
2-1: Ground out 4-3 (Groundball, 4M, EV 106.9 MPH)
Batting: RHB Paul Pitts 0-0: Ball
1-0: Foul Ball, location: 2F
1-1: Called Strike
1-2: Ball
2-2: Ball
3-2: SINGLE (Line Drive, 89S, EV 105.6 MPH)
Batting: LHB Keith Pick 0-0: Ball
1-0: Fly out, F7 (Flyball, 7LMF, EV 96.9 MPH)
Batting: LHB Henry Head 0-0: Ball
1-0: Swinging Strike
1-1: SINGLE (Groundball, 5D, EV 98.1 MPH)
Paul Pitts to second
Batting: RHB Lloyd van Grootveld 0-0: Fly out, F7 (Flyball, 7LM, EV 81.9 MPH)
Top of the 7th over - 0 runs, 2 hits, 0 errors, 2 left on base; Virginia Beach 5 - Casper 4
BOTTOM OF THE 7TH
Casper Ghosts batting - Pitching for Virginia Beach Whales : RHP Javier Iturburua
Batting: RHB Cam Lumsden 0-0: Ball
1-0: Swinging Strike
1-1: Ball
2-1: Ball
3-1: Foul Ball, location: 2F
3-2: Foul Ball, location: 2F
3-2: SINGLE (Groundball, 56D, EV 100.6 MPH)
Batting: RHB Izaak Gerkis 0-0: Called Strike
0-1: Called Strike
0-2: Reached on error, E4 (Popup, 3, EV 66.2 MPH)
Cam Lumsden to second
Pitching: RHP Martin Rumbolt
Batting: LHB Edward Kisiner 0-0: Ball
1-0: Ball
2-0: Called Strike
2-1: Ball
3-1: 3-RUN HOME RUN (Flyball, 7LD, EV 90.6 MPH), Distance : 365 ft
Batting: RHB Obiniana Romulo 0-0: Ball
1-0: Called Strike
1-1: Ball
2-1: Swinging Strike
2-2: Strikes out swinging
Batting: RHB Thinley Tshering 0-0: Ball
1-0: Called Strike
1-1: Fly out, F4 (Popup, 4M, EV 72.5 MPH)
Batting: RHB Bogdan Lissenberg 0-0: Foul Ball, location: 2F
0-1: Ball
1-1: Swinging Strike
1-2: Foul Ball, location: 2F
1-2: Ground out 5-3 (Groundball, 56, EV 101.2 MPH)
Bottom of the 7th over - 3 runs, 2 hits, 1 error, 0 left on base; Virginia Beach 5 - Casper 7
TOP OF THE 8TH
Virginia Beach Whales batting - Pitching for Casper Ghosts : RHP Jong-beom Park
Batting: RHB Óscar Cardozo 0-0: Called Strike
0-1: Ball
1-1: Swinging Strike
1-2: Ball
2-2: Foul Ball, location: 2F
2-2: Ball
3-2: Strikes out swinging
Batting: RHB Juan Oleastro 0-0: Called Strike
0-1: Ground out 1-3 (Groundball, 15, EV 88.8 MPH)
Batting: RHB Doug Chapman 0-0: Fly out, F9 (Flyball, 9LSF, EV 94.4 MPH)
Top of the 8th over - 0 runs, 0 hits, 0 errors, 0 left on base; Virginia Beach 5 - Casper 7
BOTTOM OF THE 8TH
Casper Ghosts batting - Pitching for Virginia Beach Whales : RHP Martin Rumbolt
Batting: RHB Teok-kyu Pak 0-0: Ball
1-0: Foul Ball, location: 2F
1-1: Foul Ball, location: 2F
1-2: Strikes out looking
Batting: RHB Ken Joyner 0-0: Swinging Strike
0-1: Ball
1-1: Ball
2-1: SINGLE (Line Drive, 7S, EV 90.6 MPH)
Batting: RHB Marcos Janero 0-0: Ball
1-0: Called Strike
1-1: Foul Ball, location: 2F
1-2: Ball
2-2: Foul Ball, location: 2F
2-2: Fly out, F9 (Flyball, 9D, EV 94.4 MPH)
Batting: RHB Cam Lumsden 0-0: Foul Ball, location: 2F
0-1: Foul Ball, location: 2F
0-2: Ball
1-2: Strikes out looking
Bottom of the 8th over - 0 runs, 1 hit, 0 errors, 1 left on base; Virginia Beach 5 - Casper 7
TOP OF THE 9TH
Virginia Beach Whales batting - Pitching for Casper Ghosts : RHP Jong-beom Park
Batting: RHB Pat Geldart 0-0: Ball
1-0: Called Strike
1-1: Foul Ball, location: 2F
1-2: Strikes out looking
Batting: RHB Dave Thomas 0-0: Ball
1-0: Fly out, F9 (Flyball, 9LM, EV 95.0 MPH)
Pitching: LHP Kenzaburo Hakui
Batting: RHB Paul Pitts 0-0: Foul Ball, location: 2F
0-1: Ball
1-1: Foul Ball, location: 2F
1-2: Foul Ball, location: 2F
1-2: Ball
2-2: Foul Ball, location: 2F
2-2: Ball
3-2: Foul Ball, location: 2F
3-2: SINGLE (Line Drive, 89S, EV 96.9 MPH)
Batting: LHB Keith Pick 0-0: Ball
1-0: Swinging Strike
1-1: Ball
2-1: Ball
3-1: Foul Ball, location: 2F
3-2: Foul Ball, location: 2F
3-2: Strikes out swinging
Top of the 9th over - 0 runs, 1 hit, 0 errors, 1 left on base; Virginia Beach 5 - Casper 7
Tuesday, January 5th, 2021 - OOTP Baseball 20.8 Build 74